 Dungeon Crawl Stone Soup version 0.18.1-47-g9310371 (webtiles) character file.

37 Sand the Poker (level 3, -3/27 HPs)
             Began as a Demonspawn Gladiator on June 18, 2016.
             Killed from afar by Sigmund (8 damage)
             ... with a puff of flame
             ... on level 2 of the Dungeon.
             The game lasted 00:03:37 (1343 turns).

Sand the Poker (Demonspawn Gladiator)               Turns: 1343, Time: 00:03:37

Health: -3/27      AC:  5    Str: 15    XL:     3   Next: 21%
Magic:  3/3        EV: 12    Int: 10    God:
Gold:   7          SH:  0    Dex: 13    Spells: 0 memorised, 2 levels left

rFire  . . .     SeeInvis .     a - +0 trident
rCold  . . .     Gourm    .     b - +0 leather armour
rNeg   . . .     Faith    .     (no shield)
rPois  .         Spirit   .     c - +0 helmet
rElec  .         Dismiss  .     (no cloak)
rCorr  .         Reflect  .     l - +0 pair of gloves
SustAt .         Harm     .     (no boots)
MR     .....                    (no amulet)
Stlth  ++........               (no ring)
                                (no ring)

@: not resistant to hostile enchantments, unstealthy
A: nightstalker 1
a: no special abilities


You were on level 2 of the Dungeon.
You were not hungry.

You visited 1 branch of the dungeon, and saw 2 of its levels.

You collected 7 gold pieces.

Inventory:

Hand Weapons
 a - a +0 trident (weapon)
Missiles
 d - 5 throwing nets
 p - 31 stones (quivered)
Armour
 b - a +0 leather armour (worn)
 c - a +0 helmet (worn)
 l - a +0 pair of gloves (worn)
Jewellery
 g - a +2 ring of evasion {unknown}
Scrolls
 e - a scroll of enchant armour {unknown}
 h - 2 scrolls of remove curse {unknown}
 k - 2 scrolls of identify {unknown}
 m - a scroll of teleportation {unknown}
 q - a scroll of recharging {unknown}
Potions
 i - a potion of degeneration {unknown}
 j - a potion of berserk rage {unknown}
 o - a potion of agility {unknown}
 r - a potion of brilliance {unknown}
 s - a potion of cure mutation {unknown}
 t - a potion of curing {unknown}
Comestibles
 f - 3 bread rations
 n - a meat ration
 u - 3 chunks of flesh


   Skills:
 - Level 2.0 Fighting
 + Level 3.9 Polearms
 - Level 1.7 Throwing
 - Level 2.6 Dodging


You had 2 spell levels left.
You didn't know any spells.

Dungeon Overview and Level Annotations

Branches:
Dungeon (2/15)

Altars:
Ashenzari

Annotations:
D:2 Sigmund


Innate Abilities, Weirdness & Mutations

You are slightly more attuned to the shadows.


Message History

Sigmund hits you with a scythe.
You closely miss Sigmund.
Sigmund is moderately wounded.
Sigmund points at you and mumbles some strange words.
The puff of flame hits you!
* * * LOW HITPOINT WARNING * * *
You are too injured to fight recklessly!
You are too injured to fight recklessly!
You closely miss Sigmund.
Sigmund is moderately wounded.
Sigmund mumbles some strange words.
Sigmund flickers and vanishes!
Deactivating autopickup; reactivate with Ctrl-A.
You hit something. Something hits you but does no damage.
You barely miss something. You miss something.
You hear some strange, mumbled words.
A puff of flame appears from out of thin air!
The puff of flame hits you!
You die...

#.##.....#.....# ...
#.....######..... ..
#.....# ##.#.).. .
##...## ##..###...
####..>#####...###...
###................#
....#.####........$#
#####.# #.........##.#
####..# #......@{....#
.....#####.........##..
......................
......####.........##.#
.....## #.........# #
###### ###########


There were no monsters in sight!

Vanquished Creatures
  An adder (D:2)
  A worm (D:2)
  A dart slug (D:1)
  2 giant cockroaches
  2 goblins (D:1)
  3 hobgoblins
  3 jackals (D:1)
  2 kobolds
  A ball python (D:1)
  2 bats (D:1)
  A giant newt (D:1)
  3 rats
22 creatures vanquished.

Notes
Turn   | Place    | Note
--------------------------------------------------------------
     0 | D:1      | Sand the Demonspawn Gladiator began the quest for the Orb.
     0 | D:1      | Reached XP level 1. HP: 16/16 MP: 1/1
    84 | D:1      | Reached skill level 3 in Polearms
   254 | D:1      | Gained mutation: You are slightly more attuned to the shadows. [demonic ancestry]
   254 | D:1      | Reached XP level 2. HP: 22/22 MP: 2/2
  1066 | D:2      | Reached XP level 3. HP: 13/27 MP: 3/3
  1280 | D:2      | Found a shattered altar of Ashenzari.
  1325 | D:2      | Noticed Sigmund
  1343 | D:2      | Killed from afar by Sigmund

Skill      XL: |  1 |
---------------+----+-----
Polearms       | 3 |  3.9
Fighting       | |  2.0
Throwing       | |  1.7
Dodging        | |  2.6

Action                   || total
-------------------------++-------
Melee: Trident           ||    74
Throw: Stone             ||     3
 Stab: Sleeping          ||     6
       Distracted        ||     1
  Eat: Chunk             ||     1
Armor: Leather armour    ||    14
Dodge: Dodged            ||    29
